 Dungeon Crawl Stone Soup version 0.32-a0-612-g1c984fe9d1 (webtiles) character file.

Game seed: 14009139576575123607

1363 hipposaver the Magician (level 8, -3/59 HPs)
             Began as a Djinni Conjurer on Mar 5, 2024.
             Was an Initiate of Gozag.
             Slain by Joseph
             ... wielding a +0 quarterstaff
              (15 damage)
             ... on level 7 of the Dungeon.
             The game lasted 00:15:08 (5571 turns).

hipposaver the Magician (Djinni Conjurer)           Turns: 5571, Time: 00:15:09

Health: -3/59      AC:  4    Str:  6    XL:     8   Next: 96%
Gold:   288        EV: 12    Int: 23    God:    Gozag SH:  5 Dex: 11

rFire   + + .        r - +0 war axe (flame)
rCold   x . .        (no shield)
rNeg    . . .        a - +0 robe
rPois   ∞            (no helmet)
rElec   .            p - +0 cloak
rCorr   .            m - +0 pair of gloves
SInv    +            (boots unavailable)
Will    .....        b - amulet of reflection
Stlth   +++          f - ring of see invisible
HPRegen 0.29/turn    (no ring)
MPRegen 0.00/turn

%: reflection, infuse magic (-4 HP)
@: gold aura, flying, hasted, very quick
A: sickness immunity, fire resistance 2, cold vulnerability 1, float, innate
caster, HP casting, extra vitality 1
a: Renounce Religion, Potion Petition, Call Merchant, Bribe Branch


You were on level 7 of the Dungeon.
You worshipped Gozag.
Gozag was aware of your devotion.
You visited 2 branches of the dungeon, and saw 8 of its levels.

You collected 387 gold pieces.
You paid 99 gold pieces to Gozag.

Inventory:

Hand Weapons
 r - a +0 war axe of flaming (weapon)
Armour
 a - a +0 robe (worn)
 m - a +0 pair of gloves (worn)
 p - a +0 cloak (worn)
Jewellery
 b - an amulet of reflection (around neck)
 f - a ring of see invisible (left hand)
Wands
 i - a wand of mindburst (14)
 j - a wand of charming (17)
Scrolls
 g - a scroll of identify
 q - 2 scrolls of amnesia
 s - a scroll of enchant weapon
Potions
 d - 2 potions of mutation
 e - a potion of attraction
 h - a potion of curing
 k - a potion of haste
 l - 2 potions of degeneration
 n - 2 potions of resistance
 o - 2 potions of magic


   Skills:
 + Level 5.0 Fighting
 + Level 5.0 Armour
 - Level 2.1 Dodging
 + Level 4.9 Stealth
 + Level 5.2 Spellcasting
 + Level 5.2 Conjurations
 + Level 5.2 Hexes
 + Level 5.2 Summonings
 + Level 5.2 Necromancy
 + Level 5.2 Translocations
 + Level 5.2 Fire Magic
 + Level 5.2 Ice Magic
 + Level 5.2 Air Magic
 + Level 5.2 Earth Magic
 + Level 5.2 Alchemy


You knew the following spells:

 Your Spells              Type           Power      Damage    Failure   Level
a - Magic Dart            Conj           100%       1d8       1%          1
b - Searing Ray           Conj           60%        2d6       1%          2
c - Fulminant Prism       Conj/Alch      15%        3d11      11%         4
d - Iskenderun's Mystic   Conj/Tloc      30%        2d8       11%         4
e - Summon Small Mammal   Summ           100%       N/A       1%          1
f - Lesser Beckoning      Tloc           60%        N/A       1%          2
g - Ensorcelled Hibernat  Hex/Ice        60%        N/A       1%          2
Your spell library was empty.

Dungeon Overview and Level Annotations

Branches:
Dungeon (7/15)             Temple (1/1) D:6

Altars:
Ashenzari
Dithmenos
Elyvilon
Fedhas
Gozag
Hepliaklqana
Makhleb
Nemelex Xobeh
Okawaru
Qazlal
Ru
Trog
Uskayaw
Wu Jian
Xom
Yredelemnul
The Shining One

Shops:
D:1 [

Annotations:
D:5 3 runed translucent doors, DeathSocks's ghost, novice MDFE
D:7 Joseph


Innate Abilities, Weirdness & Mutations

You are immune to sickness and miasma.
You are immune to poison.
Your flesh is very heat resistant. (rF++)
You are vulnerable to cold. (rC-)
You float through the air rather than walking.
You learn spells naturally, not from books.
Your magical power is your life essence.
You have superior vitality. (+4 MHP)


Message History

Casting: Iskenderun's Mystic Blast (dangerous; 11% risk of failure)
Confirm with . or Enter, or press ? or * to list all spells.
Okay, then.
Unknown command.
Joseph barely misses you.
Your quokka barely misses Joseph.
Casting: Iskenderun's Mystic Blast (dangerous; 11% risk of failure)
Confirm with . or Enter, or press ? or * to list all spells.
You erupt in a blast of force!
The mystic blast hits your quokka!
You kill your quokka!
Your quokka's corpse disappears in a puff of smoke!
The mystic blast hits the gnoll!
You kill the gnoll!
The mystic blast hits Joseph.
Joseph is lightly wounded.
Joseph is knocked back by the mystic blast.
You hear a shout! x3
A gnoll comes into view. It is wielding a +0 whip.
Joseph unwields a +0 quarterstaff.
Joseph wields a +0 sling.
Joseph shoots a sling bullet.
The sling bullet misses you.
Your Fighting skill increases to level 5!
Your Armour skill increases to level 5!
Unknown command.
A gnoll sergeant comes into view. It is wielding a +0 spear.
Joseph shoots a sling bullet.
The sling bullet hits you!
* * * LOW HITPOINT WARNING * * *
Okay, then.
You feel better.
Joseph shoots a sling bullet.
The sling bullet closely misses you.
You feel yourself speed up.
Joseph shouts, "I love to fight!
I love killing!"
Joseph shoots a sling bullet.
The sling bullet hits you!
* * * LOW HITPOINT WARNING * * *
Joseph unwields a +0 sling.
Joseph wields a +0 quarterstaff.
Joseph hits you with a +0 quarterstaff.
* * * LOW HITPOINT WARNING * * *
Unknown command.
Unknown command.
You feel better. Joseph hits you with a +0 quarterstaff!
You die...
Your body crumbles into a pile of gold.

.......###.....##..
...................# ...
..........)....##.# ....
#.................
.....##.......##........
.......<......#...>.....
..#.##.............g....
.....[.................
......#..$.....@.g.....
#......##.......@.......
......# ##......$..####.
...... #.........##
##.... .....##...## ..#.
..###.....# .. ##.... ##
#...#


You could see Joseph, a gnoll sergeant and a gnoll.

Vanquished Creatures
  An orc warrior (D:6)
  4 ogres
  A phantom (D:5)
  A bullfrog (D:6)
  4 bombardier beetles
  3 hounds
  3 jellies
  4 iguanas
  Natasha (D:2)
  2 orc wizards (D:4)
  4 gnolls
  6 adders
  A white imp (D:6)
  2 dart slugs (D:3)
  4 ribbon worms
  19 orcs
  7 ball pythons
  10 endoplasms
  2 giant cockroaches (D:1)
  4 goblins
  5 hobgoblins
  7 jackals
  3 quokkas
  8 bats
  2 frilled lizards (D:2)
  6 kobolds
  9 rats
123 creatures vanquished.

Vanquished Creatures (collateral kills)
  An ogre (D:4)
  A dart slug (D:4)
2 creatures vanquished.

Grand Total: 125 creatures vanquished

Notes
Turn   | Place    | Note
-------+----------+-------------------------------------------
     0 | D:1      | hipposaver the Djinni Conjurer began the quest for the Orb.
     0 | D:1      | hipposaver set off with the following spells memorised:
                  | Magic Dart, Searing Ray, Fulminant Prism, Iskenderun's
                  | Mystic Blast.
     0 | D:1      | Reached XP level 1. HP: 15/15 MP: 0/0
   140 | D:1      | Reached XP level 2. HP: 8/22 MP: 0/0
   328 | D:1      | Found Icaegh Pumu's Antique Armour Boutique.
   477 | D:1      | Reached XP level 3. HP: 16/26 MP: 0/0
   477 | D:1      | Learned a level 1 spell: Summon Small Mammal
   538 | D:1      | You are sucked into a shaft and drop 1 floor!
   599 | D:2      | Reached skill level 1 in Fighting
   599 | D:2      | Reached skill level 1 in Armour
   671 | D:2      | Noticed Natasha
  1269 | D:2      | Reached XP level 4. HP: 29/32 MP: 0/0
  1540 | D:2      | Killed Natasha
  1608 | D:3      | Reached XP level 5. HP: 25/38 MP: 0/0
  1608 | D:3      | Learned a level 2 spell: Lesser Beckoning
  1944 | D:3      | Found an ornate altar of the Wu Jian Council.
  1944 | D:3      | Found a hazy altar of Hepliaklqana.
  2239 | D:4      | Noticed an ogre
  2245 | D:4      | Killed an ogre
  2246 | D:4      | Reached XP level 6. HP: 39/45 MP: 0/0
  2747 | D:4      | Reached XP level 7. HP: 40/50 MP: 0/0
  2747 | D:4      | Learned a level 2 spell: Ensorcelled Hibernation
  2903 | D:4      | Found a shimmering altar of Xom.
  3001 | D:4      | Found a burning altar of Makhleb.
  3316 | D:4      | Found a sacrificial altar of Ru.
  3343 | D:4      | Found a blossoming altar of Fedhas.
  3433 | D:5      | Entered Level 5 of the Dungeon
  3433 | D:5      | Noticed DeathSocks's ghost (novice MDFE)
  3433 | D:5      | Found a runed translucent gate.
  3433 | D:5      | Found a runed translucent gate.
  3434 | D:5      | Found a runed translucent gate.
  3630 | D:5      | Reached XP level 8. HP: 54/58 MP: 0/0
  3997 | D:5      | Reached skill level 5 in Spellcasting
  3997 | D:5      | Reached skill level 5 in Conjurations
  3997 | D:5      | Reached skill level 5 in Hexes
  3997 | D:5      | Reached skill level 5 in Summonings
  3997 | D:5      | Reached skill level 5 in Necromancy
  3997 | D:5      | Reached skill level 5 in Translocations
  3997 | D:5      | Reached skill level 5 in Fire Magic
  3997 | D:5      | Reached skill level 5 in Ice Magic
  3997 | D:5      | Reached skill level 5 in Air Magic
  3997 | D:5      | Reached skill level 5 in Earth Magic
  3997 | D:5      | Reached skill level 5 in Alchemy
  4740 | D:6      | Found a hide-covered altar of Uskayaw.
  4801 | D:6      | Found a staircase to the Ecumenical Temple.
  4886 | Temple   | Entered the Ecumenical Temple
  4901 | Temple   | Became a worshipper of Gozag Ym Sagoz the Greedy
  5235 | D:6      | HP: 1/58 [orc warrior/+0 flail (16)]
  5556 | D:7      | Noticed Joseph
  5566 | D:7      | Reached skill level 5 in Fighting
  5566 | D:7      | Reached skill level 5 in Armour
  5570 | D:7      | HP: 2/59 [Joseph/+0 quarterstaff (1)]
  5571 | D:7      | Slain by Joseph

Illustrated notes

Levels and vault maps discovered:
D:1:      giann_wishing_wells, layout_basic, serial_shops, shop,
          minmay_tiny_reverse_x
D:2:      layout_rooms, minmay_crystal_room, minmay_vboxes, uniq_natasha
D:3:      layout_rooms, nicolae_kikubaaqudgha_miasma_corner,
          gammafunk_temple_overflow_elements, minmay_tree_intersection
D:4:      layout_cave_pods, mainiacjoe_overflow_chevrons, bloody_makhleb,
          mainiacjoe_overflow_swirl, minmay_misc_feat_rugged
D:5:      nicolae_BIG_FREAKIN_CUBE, layout_basic, gammafunk_ghost_necromancy
D:6:      layout_gridville, nicolae_uskayaw_dance_hall,
          minmay_temple_entry_stoned_glass
D:7:      layout_cave_pools, mainiacjoe_overflow_six_doors_small,
          nicolae_ossuary_entry_plus, chequers_decorated_corner, uniq_jeremiah,
          uniq_pikel, uniq_duvessa, uniq_joseph, uniq_menkaure
Temple:   nicolae_temple_bog_church

Skill      XL: |  1  2  3  4  5  6  7  8 |
---------------+-------------------------+-----
Fighting       | 1 2 3 5 |  5.0
Armour         | 1 2 3 5 |  5.0
Stealth        | 2 3 4 |  4.9
Spellcasting   | 4 5 |  5.2
Conjurations   | 4 5 |  5.2
Hexes          | 4 5 |  5.2
Summonings     | 4 5 |  5.2
Necromancy     | 4 5 |  5.2
Translocations | 4 5 |  5.2
Fire Magic     | 4 5 |  5.2
Ice Magic      | 4 5 |  5.2
Air Magic      | 4 5 |  5.2
Earth Magic    | 4 5 |  5.2
Alchemy        | 4 5 |  5.2
Dodging        | |  2.1

Action                     |  1- 3 |  4- 6 |  7- 9 || total
---------------------------+-------+-------+-------++-------
  Melee: War axe           |       |       |     1 ||     1
   Cast: Magic Dart        |    65 |    48 |    20 ||   133
         Searing Ray       |    11 |    25 |    39 ||    75
         Summon Small Mamm |       |     5 |     5 ||    10
         Iskenderun's Myst |       |       |     3 ||     3
    Use: Scroll            |     7 |     2 |     5 ||    14
         Potion            |       |       |     4 ||     4
 Armour: Robe              |     5 |     5 |    26 ||    36
  Dodge: Dodged            |     9 |     4 |    21 ||    34
  Block: Other             |       |     1 |     4 ||     5

Table legend: (Time is in decaauts)
 A = Elapsed time spent in this place.
 B = Non-inter-level travel time spent in this place.
 C = Inter-level travel time spent in this place.
 D = Time resting spent in this place.
 E = Time spent auto-exploring this place.
 F = Levels seen in this place.
 G = Mean time per level.
                   A        B        C        D        E       F      G
               +--------+--------+--------+--------+--------+-----+--------+
         Total |   5572 |   5393 |    179 |    866 |   3731 |   8 |  696.5 |
       Dungeon |   5542 |   5377 |    165 |    866 |   3731 |   7 |  791.7 |
        Temple |     29 |     15 |     14 |      0 |      0 |   1 |   29.0 |
               +--------+--------+--------+--------+--------+-----+--------+

Top non-repeatable levels by time:
     D:4: 1193 daAuts
     D:5: 1079 daAuts
     D:1: 1008 daAuts
     D:6: 1003 daAuts
     D:3: 675 daAuts
     D:2: 556 daAuts
  Temple: 29 daAuts
     D:7: 25 daAuts
